 Dungeon Crawl Stone Soup version 0.30-a0-404-g0b3c3f4973 (webtiles) character file.

Game seed: 11392337012014077589

4 MackTheKnife the Caller (level 1, 0/15 HPs)
             Began as a Naga Summoner on Dec 7, 2022.
             Slain by a jackal (2 damage)
             ... on level 1 of the Dungeon.
             The game lasted 00:01:06 (328 turns).

MackTheKnife the Caller (Naga Summoner)              Turns: 328, Time: 00:01:07

Health: 0/15       AC:  1    Str: 10    XL:     1   Next: 70%
Magic:  1/3        EV:  9    Int: 15    God:
Gold:   23         SH:  0    Dex: 11    Spells: 3/4 levels left

rFire   . . .      SeeInvis +    h - +0 sling
rCold   . . .      Faith    .    (no shield)
rNeg    . . .      Spirit   .    a - +0 robe
rPois   +          Reflect  .    (no helmet)
rElec   .          Harm     .    (no cloak)
rCorr   .          Rampage  .    (no gloves)
Will    .....                    (no barding)
Stlth   ++........               (no amulet)
HPRegen 0.22/turn                (no ring)
MPRegen 0.08/turn                (no ring)

@: short of breath, very slow
A: AC +0, large, see invisible, deformed body, poison resistance, slowness 2,
spit poison 1, naga tail 1
a: Spit Poison


You were on level 1 of the Dungeon.
You visited 1 branch of the dungeon, and saw 1 of its levels.

You collected 23 gold pieces.


Innate Abilities, Weirdness & Mutations

Your serpentine skin is tough. (AC +0)
You have supernaturally acute eyesight. (SInv)
Armour fits poorly on your strangely shaped body.
Your system is resistant to poisons. (rPois)
You cover ground very slowly.
You can spit poison.
You have a snake-like lower body.


   Skills:
 - Level 1.5 Dodging
 - Level 3.0 Stealth
 + Level 2.2 Spellcasting
 + Level 4.1 Summonings


You had 3 spell levels left.
You knew the following spells:

 Your Spells              Type           Power      Damage    Failure   Level
a - Summon Small Mammal   Summ           56%        N/A       4%          1

Your spell library contained the following spells:

 Spells                   Type           Power      Damage    Failure   Level
 Call Imp                 Summ           14%        N/A       6%          2
 Call Canine Familiar     Summ           14%        N/A       12%         3
 Summon Guardian Golem    Hex/Summ       7%         N/A       28%         3
 Sublimation of Blood     Necr           1%         N/A       32%         2
 Wereblood                Tmut           1%         N/A       32%         2
 Summon Lightning Spire   Summ/Air       7%         N/A       67%         4
 Summon Hydra             Summ           7%         N/A       100%        7

Inventory:

Hand Weapons
 h - a +0 sling (weapon)
   (You found it on level 1 of the Dungeon)
Missiles
 e - 13 stones {throwing}
Armour
 a - a +0 robe (worn)
 d - a +0 ring mail
   (You found it on level 1 of the Dungeon)
Scrolls
 c - a scroll of vulnerability {unknown}
 f - a scroll of blinking {!r}
 g - a scroll of identify {@r1}
Potions
 b - a potion of magic

Dungeon Overview and Level Annotations

Branches:
Dungeon (1/15) Zot: 5577

Altars:

..... #...........#.....##โ€
## .....
#.##..................#
##....#.#########.#.######..#
.....#...........#.# #...#
###...#..########.#.# #..##
.........# ##....#.# #....
.h.......####..##.#.# ##.##
#####.....#h.###.#.# #.#
#........Shh@....(#.# #.#
###.##.#.#.#ยง######.# #.# #
#.#............# ...
#.###...######## ... #. ##..#
.. #. #.## #. #.# ... ##.


You could see 3 jackals and a ball python.


Message History

An endoplasm comes into view.
Casting: Summon Small Mammal (safe; 4% risk of failure)
Confirm with . or Enter, or press ? or * to list all spells.
๐Ÿ˜Ž MP[-1]
You lost 1 mp, and now have 2/3 mp.
Aiming: Spit Poison (3% risk of failure)
Press: ? - help, Shift-Dir - straight line, f - endoplasm
Aim: an endoplasm (asleep, ally target, 100% to hit)
The splash of poison hits the endoplasm.
The endoplasm quivers.
You hit the endoplasm but do no damage. The endoplasm hits you.
Your rat bites the endoplasm. ๐Ÿ˜• HP[-3]
You take 3 damage, and now have 12/15 hp.
You hit the endoplasm. The endoplasm closely misses you.
Your rat bites the endoplasm.
The endoplasm dies!
No target in view!
No target in view! ๐Ÿ˜• HP[+1]
h - a +0 sling You have got your breath back.
You swap places.
Your rat disappears in a puff of smoke!
A jackal comes into view. ๐Ÿ˜Ž HP[+2] MP[+1]
Your hp is fully restored (15).
Your mp is fully restored (3).
A jackal is nearby!
A jackal is nearby!
A jackal comes into view.
h - a +0 sling (weapon)
There are monsters nearby!
You shoot a sling bullet. The sling bullet hits the jackal.
The jackal barks!
You hear an angry hiss.
A jackal comes into view.
Casting: Summon Small Mammal (safe; 4% risk of failure)
Confirm with . or Enter, or press ? or * to list all spells.
You miscast Summon Small Mammal.
You are very lightly contaminated with residual magic.
Nothing appears to happen.
The jackal bites you. ๐Ÿ˜• HP[-2] MP[-1]
You take 2 damage, and now have 13/15 hp.
You lost 1 mp, and now have 2/3 mp.
Casting: Summon Small Mammal (safe; 4% risk of failure)
Confirm with . or Enter, or press ? or * to list all spells.
The jackal barks!
A jackal comes into view.
The jackal bites you. ๐Ÿ˜ฎ HP[-2] MP[-1]
You take 2 damage, and now have 11/15 hp.
You lost 1 mp, and now have 1/3 mp.
Unknown command.
The jackal closely misses you.
You are too injured to fight recklessly!
You are too injured to fight recklessly!
Fire: h) +0 sling
Press: ? - help, Q - select action, (/) - cycle Shift-Dir - straight line, f/p - jackal
Aim: a jackal (severely wounded, 40% to hit)
You shoot a sling bullet. The sling bullet hits the jackal.
The jackal bites you.
Your rat barely misses the jackal.
A ball python comes into view.
Fire: h) +0 sling
Press: ? - help, Q - select action, (/) - cycle Shift-Dir - straight line, f/p - jackal
Aim: a jackal (almost dead, 40% to hit)
You shoot a sling bullet.
The sling bullet hits the jackal but does no damage.
The jackal bites you.
Your rat closely misses the jackal.
The jackal bites you.
Your rat barely misses the jackal.
The jackal closely misses you. ๐Ÿ˜ฎ HP[-3]
You take 3 damage, and now have 8/15 hp.
Fire: h) +0 sling
Press: ? - help, Q - select action, (/) - cycle Shift-Dir - straight line, f/p - jackal
Aim: a jackal (almost dead, 40% to hit)
You shoot a sling bullet.
The sling bullet closely misses the jackal.
The jackal bites your rat.
Your rat dies!
Your rat's corpse disappears in a puff of smoke!
The jackal barely misses you. The jackal bites you.
* * * LOW HITPOINT WARNING * * *
The jackal bites you.
* * * LOW HITPOINT WARNING * * *
Your magical contamination has completely faded away. ๐Ÿ˜ฑ HP[-5]
You take 5 damage, and now have 3/15 hp.
MASSIVE DAMAGE!! (PAUSE)
Aiming: Spit Poison (3% risk of failure)
Press: ? - help, Shift-Dir - straight line, f/p - jackal
Aim: a jackal (almost dead, 43% to hit)
The splash of poison hits the jackal.
The jackal is poisoned.
You kill the jackal!
The jackal bites you.
* * * LOW HITPOINT WARNING * * *
๐Ÿ˜ฑ HP[-2]
You take 2 damage, and now have 1/15 hp.
As you read the scroll labelled VOLEST FEICIE, it crumbles to dust.
It is a scroll of identify.
f - a scroll of blinking The jackal bites you.
You die...

Action                   || total
-------------------------++-------
Melee: Unarmed           ||    11
 Fire: Sling             ||     4
 Cast: Summon Small Mamm ||     4
 Abil: Spit Poison       ||     3
  Use: Scroll            ||     1
Armor: Robe              ||     1
Dodge: Dodged            ||    10

Levels and vault maps discovered:
D:1:      wheals_arrival_shading, layout_basic

Notes
Turn   | Place    | Note
-------+----------+-------------------------------------------
     0 | D:1      | MackTheKnife the Naga Summoner began the quest for the Orb.
     0 | D:1      | Reached XP level 1. HP: 15/15 MP: 3/3
     0 | D:1      | magus.rc [v1.9.6]
    71 | D:1      | You pick up a book of Blood and begin reading...
    71 | D:1      | You add the spells Sublimation of Blood, Wereblood and
                  | Summon Hydra to your library.
   326 | D:1      | HP: 3/15 [jackal (2)]
   327 | D:1      | HP: 1/15 [jackal (2)]
   328 | D:1      | Slain by a jackal

Vanquished Creatures
  A jackal (D:1)
1 creature vanquished.

Vanquished Creatures (collateral kills)
  An endoplasm (D:1)
  A hobgoblin (D:1)
  A frilled lizard (D:1)
3 creatures vanquished.

Grand Total: 4 creatures vanquished

Table legend:
 A = Non-vault XP
 B = Vault XP
 C = Vault XP percentage of total XP
 D = Non-vault monster count
 E = Vault monster count
 F = Vault count percentage of total count
                 A         B        C        D         E       F
            +---------+---------+-------+---------+---------+-------
      Total |       7 |       0 |   0.0 |       4 |       0 |   0.0
            +---------+---------+-------+---------+---------+-------
        D:1 |       7 |       0 |   0.0 |       4 |       0 |   0.0
            +---------+---------+-------+---------+---------+-------

Illustrated notes

Table legend:
 A = Kills in this place as a percentage of kills in entire the game.
 B = Kills by you in this place as a percentage of kills by you in the entire game.
 C = Kills by friends in this place as a percentage of kills by friends in the entire game.
 D = Other kills in this place as a percentage of other kills in the entire game.
 E = Experience gained in this place as a percentage of experience gained in the entire game.
 F = Experience gained in this place divided by the number of levels of this place that you have seen.
                   A       B       C       D       E      F
               +-------+-------+-------+-------+-------+----------------------
         Total | 100.0 | 100.0 | 100.0 |   N/A | 100.0 |   7.0
       Dungeon | 100.0 | 100.0 | 100.0 |   N/A | 100.0 |   7.0
               +-------+-------+-------+-------+-------+----------------------

Table legend: (Time is in decaauts)
 A = Elapsed time spent in this place.
 B = Non-inter-level travel time spent in this place.
 C = Inter-level travel time spent in this place.
 D = Time resting spent in this place.
 E = Time spent auto-exploring this place.
 F = Levels seen in this place.
 G = Mean time per level.
                   A        B        C        D        E       F      G
               +--------+--------+--------+--------+--------+-----+--------+
         Total |    421 |    421 |      0 |     43 |    318 |   1 |  421.0 |
       Dungeon |    421 |    421 |      0 |     43 |    318 |   1 |  421.0 |
               +--------+--------+--------+--------+--------+-----+--------+

Top non-repeatable levels by time:
     D:1: 421 daAuts
